Map: Ruins of Seras

Players

Rinka - Winner!

  • Race: Protoss Protoss
  • League: Grandmaster

Nice

  • Race: Protoss Protoss

Event: DreamHack ZOWIE Open Leipzig

VOD

Have the link to the VOD?

Description

Time

  • Played on: Jan. 22, 2016, 7:33 a.m.
  • Length: 8:48

All games in this series

Show
View Real Time Build Order
Export as new Build Order

Rinka Protoss - Winner!

Build Orders:  

Get SALT Encoding   

  12  0:01  Probe (Chrono Boost)  
  13  0:11  Probe (Chrono Boost)  
  14  0:20  Pylon  
  14  0:24  Probe (Chrono Boost)  
  15  0:39  Probe (Chrono Boost)  
  15  0:40  Gateway  
  16  0:49  Probe (Chrono Boost)  
  17  0:54  Assimilator  
  17  0:57  Assimilator  
  17  1:00  Probe (Chrono Boost)  
  18  1:10  Probe (Chrono Boost)  
  19  1:13  Gateway  
  19  1:21  Probe (Chrono Boost)  
  20  1:28  Cybernetics Core  
  20  1:33  Probe (Chrono Boost)  
  21  1:40  Pylon  
  21  1:44  Probe (Chrono Boost)  
  22  1:55  Probe (Chrono Boost)  
  23  2:05  Adept x2  
  23  2:06  Warp Gate (Chrono Boost)  
  27  2:12  Mothership Core  
  29  2:20  Pylon  
  29  2:37  Stalker  
  29  2:38  Stalker  
  33  3:04  Nexus  
  33  3:15  Stalker  
  35  3:23  Stalker  
  35  3:35  Pylon  
  35  3:37  Pylon  
  33  3:59  Robotics Facility  
  33  4:04  Stalker  
  33  4:09  Stalker  
  37  4:14  Probe  
  37  4:15  Probe  
  39  4:27  Stalker  
  41  4:34  Stalker  
  43  4:47  Pylon  
  46  5:01  Observer (Chrono Boost)  
  46  5:04  Probe x2  
  45  5:16  Probe x2  
  43  5:24  Stalker  
  43  5:25  Stalker  
  45  5:37  Mothership Core  
  42  5:45  Stalker  
  42  5:49  Stalker  
  46  5:56  Immortal (Chrono Boost)  
  42  6:11  Stalker  
  42  6:14  Stalker  
  46  6:18  Pylon  
  46  6:22  Pylon  
  46  6:32  Adept  
  48  6:39  Adept  
  52  6:40  Immortal (Chrono Boost)  
  44  6:57  Stalker  
  44  7:01  Stalker  
  42  7:05  Gateway  
  42  7:18  Stalker  
  48  7:23  Immortal (Chrono Boost)  
  48  7:30  Stalker  
  50  7:40  Stalker  
  50  7:53  Stalker  
  52  8:00  Immortal (Chrono Boost)  
  46  8:14  Stalker  
  48  8:24  Adept x2  
  52  8:40  Adept  
Show
View Real Time Build Order
Export as new Build Order

Nice Protoss 

Build Orders: Dark Templar Rush 

Get SALT Encoding   

  12  0:01  Probe (Chrono Boost)  
  13  0:12  Probe (Chrono Boost)  
  14  0:18  Pylon  
  14  0:23  Probe (Chrono Boost)  
  15  0:36  Probe (Chrono Boost)  
  15  0:38  Gateway  
  16  0:47  Probe (Chrono Boost)  
  16  0:49  Assimilator  
  17  0:53  Assimilator  
  17  0:57  Probe (Chrono Boost)  
  18  1:08  Probe (Chrono Boost)  
  18  1:09  Gateway  
  20  1:18  Probe (Chrono Boost)  
  20  1:25  Cybernetics Core  
  20  1:30  Probe (Chrono Boost)  
  21  1:35  Pylon  
  21  1:41  Probe (Chrono Boost)  
  22  1:51  Probe (Chrono Boost)  
  23  2:01  Stalker x2  
  27  2:03  Warp Gate (Chrono Boost)  
  27  2:15  Mothership Core  
  29  2:24  Pylon  
  29  2:41  Pylon  
  29  2:42  Twilight Council  
  29  2:48  Stalker, Adept  
  33  3:19  Dark Shrine  
  32  3:31  Probe  
  32  3:42  Gateway, Pylon  
  32  3:43  Probe  
  33  3:54  Stalker  
  33  3:55  Stalker  
  37  4:01  Gateway  
  35  4:23  Stalker  
  35  4:24  Stalker  
  37  4:50  Dark Templar x2  
  41  4:53  Stalker  
  41  4:58  Zealot  
  45  5:11  Pylon  
  45  5:12  Probe  
  46  5:24  Stalker x2  
  46  5:25  Stalker x2  
  38  5:51  Stalker x2  
  38  5:52  Zealot x2  
  40  6:14  Stalker x2  
  40  6:15  Zealot  
  46  6:22  Sentry  
  46  6:39  Sentry, Zealot x2  
  50  6:43  Pylon  
  38  7:00  Stalker  
  38  7:01  Stalker  
  36  7:09  Stalker  
  36  7:21  Stalker  
  38  7:24  Zealot  
  40  7:37  Sentry, Zealot  
  40  7:54  Sentry  
  40  7:55  Zealot  
  44  8:01  Zealot x2  
  44  8:15  Sentry  
  46  8:20  Stalker  
  46  8:24  Zealot x2  
  40  8:43  Stalker x2  

Tags
 
Add a new tag
Caveats
  • Supply blocks, unpowered buildings, or Contaminate may cause inaccurate times.
  • Supply counts are checked every 10 seconds.